 Dungeon Crawl Stone Soup version 0.32-a0-20-ge526923d97 (webtiles) character file.

Game seed: 17128652086723744237

224 bmb222 the Sneak (level 6, 0/38 HPs)
             Began as an Octopode Shapeshifter on Jan 17, 2024.
             Succumbed to an adder's poison
             ... on level 4 of the Dungeon.
             The game lasted 00:03:02 (2341 turns).

bmb222 the Sneak (Octopode Shapeshifter)            Turns: 2341, Time: 00:03:03

Health: 0/38       AC:  1    Str: 14 (15) XL:     6   Next: 0%
Magic:  6/6        EV: 28    Int: 10 (12) God:
Gold:   117        SH:  0    Dex: 11 (12) Spells: 5/5 levels left

rFire   . .          .
                       - Unarmed
rCold   . . .        (no shield)
rNeg    . . .        (helmet currently unavailable)
rPois   .            e - amulet of the acrobat
rElec   .            (no ring)
rCorr   .            (no ring)
SInv    .            (no ring)
Will    +....        (no ring)
Stlth   ++++         (no ring)
HPRegen 0.26/turn    (no ring)
MPRegen 0.10/turn    (no ring)
                     (no ring)

%: acrobat
@: mighty, lethally poisoned (0 -> -3), beast-form, acrobatic, enlightened,
flying, hasted, very quick
A: beast (slay +1), almost no armour, amphibious, 8 rings, camouflage 1,
gelatinous body 1, (nimble swimmer 1), tentacles
a: Begin Untransformation


You were on level 4 of the Dungeon.
You were a hulking beast.
You visited 1 branch of the dungeon, and saw 4 of its levels.

You collected 117 gold pieces.

Inventory:

Jewellery
 e - an amulet of the acrobat (around mantle)
 l - a +6 ring of dexterity
Talismans
 b - a beast talisman
 c - a flux talisman
Wands
 o - a wand of flame (23)
Scrolls
 d - 2 scrolls of enchant armour
 g - a scroll of enchant weapon
 i - 2 scrolls of teleportation
Potions
 a - a potion of brilliance


   Skills:
 - Level 1.3 Fighting
 - Level 2.2 Dodging
 + Level 5.1 Stealth
 + Level 4.9 Unarmed Combat
 - Level 3.1 Shapeshifting


You had 5 spell levels left.
You didn't know any spells.
Your spell library was empty.

Dungeon Overview and Level Annotations

Branches:
Dungeon (4/15)
 Temple: D:4-7

Altars:
Dithmenos
Xom


Innate Abilities, Weirdness & Mutations

You are a hulking beast.
Your limbs bulge with bestial killing power. (Slay +1)
You cannot wear most types of armour.
You are amphibious.
You can wear up to eight rings at the same time.
Your skin changes colour to match your surroundings (Stealth+).
Your rubbery body absorbs attacks. (AC +1, EV +1)
((You are camouflaged when in or above water. (Stealth+)))
You have tentacles for arms and can constrict up to eight enemies at once.


Message History

The adder bites you.
You are more poisoned.
The adder poisons you!
The orc priest looks braver for a moment.
The goblin shoots a sling bullet.
The sling bullet barely misses you. The adder bites you.
You tentacle-slap the adder.
You kill the adder!
You feel sick.
The orc priest looks satisfied for a moment.
The goblin shoots a sling bullet.
The sling bullet hits you.
* * * LOW HITPOINT WARNING * * *
You have reached level 6!
It was a potion of haste.
You feel yourself speed up.
* * * LOW HITPOINT WARNING * * *
You feel very sick.
An orc comes into view. It is wielding a +0 short sword.
The goblin shoots a sling bullet.
The sling bullet hits you.
* * * LOW HITPOINT WARNING * * *
Unknown command.
It was a potion of enlightenment.
You feel very buoyant.
You fly up into the air.
Your surroundings suddenly seem different.
* * * LOW HITPOINT WARNING * * *
You feel sick.
It was a potion of might.
You feel very mighty all of a sudden.
* * * LOW HITPOINT WARNING * * *
You feel sick.
It was a potion of degeneration.
There was something very wrong with that liquid.
You feel weakened.
You feel dopey.
You feel clumsy.
* * * LOW HITPOINT WARNING * * *
You feel sick.
* * * LOW HITPOINT WARNING * * *
You feel sick.
* * * LOW HITPOINT WARNING * * *
You feel sick.
You die...

#### ###..##
##>....# ##......#
#.......#
#.h#.....##########
#...........##.....
###..##............
#### #...........
#...##.....#
#..........#
##.........#
#.......... #####
##....####..


There were no monsters in sight!

Vanquished Creatures
  A black bear (D:3)
  An orc priest (D:3)
  An adder (D:4)
  A ribbon worm (D:2)
  3 dart slugs
  9 orcs
  4 endoplasms
  4 giant cockroaches
  4 goblins
  8 hobgoblins
  3 jackals (D:1)
  3 quokkas
  9 ball pythons
  9 bats
  3 frilled lizards
  8 kobolds
  4 rats
75 creatures vanquished.

Notes
Turn   | Place    | Note
-------+----------+-------------------------------------------
     0 | D:1      | bmb222 the Octopode Shapeshifter began the quest for the
                  | Orb.
     0 | D:1      | Reached XP level 1. HP: 13/13 MP: 1/1
    94 | D:1      | Reached XP level 2. HP: 18/18 MP: 2/2
   182 | D:1      | Reached skill level 1 in Stealth
   247 | D:1      | Reached XP level 3. HP: 23/23 MP: 3/3
   459 | D:1      | Reached skill level 2 in Stealth
   701 | D:2      | You fall into a shaft and drop 2 floors!
  1110 | D:2      | Reached XP level 4. HP: 22/28 MP: 4/4
  1352 | D:2      | Reached skill level 3 in Stealth
  1524 | D:3      | Reached XP level 5. HP: 33/33 MP: 5/5
  1564 | D:3      | Found a shadowy altar of Dithmenos.
  1636 | D:3      | Noticed a black bear
  1643 | D:3      | Killed a black bear
  1644 | D:3      | Reached skill level 4 in Stealth
  2172 | D:4      | Found a shimmering altar of Xom.
  2221 | D:4      | Reached skill level 5 in Stealth
  2334 | D:4      | Reached XP level 6. HP: 10/38 MP: 6/6
  2338 | D:4      | HP: 1/38 [poisoned by an adder]
  2341 | D:4      | Succumbed to an adder's poison

Illustrated notes

Levels and vault maps discovered:
D:1:      sevenhm_arrival_forest_fort_small_4, layout_basic
D:2:      layout_rooms, serial_bayou_pond_b
D:3:      layout_basic, nicolae_dithmenos_through_a_glass_darkly,
          glass_columns_a, minmay_strange_pillars
D:4:      layout_layer_cave, okawaru_ov_weapons_minmay, xom_teletrap_fun

Skill      XL: |  1  2  3  4  5 |
---------------+----------------+-----
Stealth        | 1 2 3 5 |  5.1
Unarmed Combat | 4 |  4.9
Fighting       | |  1.3
Dodging        | |  2.2
Shapeshifting  | |  3.1

Action                     |  1- 3 |  4- 6 || total
---------------------------+-------+-------++-------
  Melee: Unarmed           |    83 |    50 ||   133
         Constrict         |    22 |    13 ||    35
         Tentacles         |    16 |    11 ||    27
         Punch             |     3 |     2 ||     5
    Use: Scroll            |       |     7 ||     7
         Potion            |       |     5 ||     5
   Stab: Sleeping          |     6 |     7 ||    13
         Distracted        |       |     1 ||     1
 Armour: Skin              |    30 |    30 ||    60
  Dodge: Dodged            |    44 |    24 ||    68

Table legend: (Time is in decaauts)
 A = Elapsed time spent in this place.
 B = Non-inter-level travel time spent in this place.
 C = Inter-level travel time spent in this place.
 D = Time resting spent in this place.
 E = Time spent auto-exploring this place.
 F = Levels seen in this place.
 G = Mean time per level.
                   A        B        C        D        E       F      G
               +--------+--------+--------+--------+--------+-----+--------+
         Total |   2328 |   2283 |     45 |    299 |   1532 |   4 |  582.0 |
       Dungeon |   2328 |   2283 |     45 |    299 |   1532 |   4 |  582.0 |
               +--------+--------+--------+--------+--------+-----+--------+

Top non-repeatable levels by time:
     D:3: 831 daAuts
     D:1: 691 daAuts
     D:2: 551 daAuts
     D:4: 254 daAuts
